 Dungeon Sprint DCSS version 0.21-a0-47-g7c8f537 (webtiles) character file.

2900 Kidiri the Grappler (level 9, -15/92 HPs)
             Began as a Troll Monk on June 8, 2017.
             Was an Elder of Wu Jian.
             Demolished by a spiny frog (17 damage)
             ... in the Dungeon (Sprint IX: "|||||||||||||||||||||||||||||").
             The game lasted 00:04:08 (1109 turns).

Kidiri the Grappler (Troll Monk)                    Turns: 1109, Time: 00:04:09

Health: -15/92     AC:  5    Str: 21    XL:     9   Next: 49%
Magic:  8/8        EV: 16    Int:  9    God:    Wu Jian [****..]
Gold:   0          SH:  0    Dex: 18    Spells: 8/8 levels left

rFire    . . .     SeeInvis .     - Unarmed
rCold    . . .     Gourm    +   (no shield)
rNeg     . . .     Faith    .   a - +0 robe
rPois    .         Spirit   .   (helmet restricted)
rElec    .         Reflect  .   (no cloak)
rCorr    .         Harm     .   (gloves unavailable)
MR       .....     NoTele   +   (boots unavailable)
Stlth    ++++......             (no amulet)
Regen    0.7/turn               l - +3 ring of intelligence
MPRegen  0.2/turn               m - +3 ring of dexterity

@: exhausted
A: unfitting armour, claws 3, fast metabolism 3, gourmand, regeneration 1,
shaggy fur 1, tough skin 2
a: Serpent's Lash, Renounce Religion


You were in the Dungeon.
You worshipped Wu Jian.
Wu Jian was greatly pleased with you.
You were not hungry.

You visited 1 branch

Inventory:

Armour
 a - a +0 robe (worn)
Jewellery
 l - a +3 ring of intelligence (left claw)
 m - a +3 ring of dexterity (right claw)
 p - the amulet "Nietecs" {Reflect Fragile rC+++ Str-2 Int+4 SH+3}
   (You found it in the Dungeon)

   [amulet of reflection]

   It shields you and reflects attacks.
   It affects your strength (-2).
   It affects your intelligence (+4).
   It renders you almost immune to cold.
   It will be destroyed if unequipped.
   It affects your SH (+3).
Wands
 k - a wand of acid (1/15)
Scrolls
 h - 2 scrolls of blinking
 i - 3 scrolls of remove curse
 j - 2 scrolls of amnesia
 q - a scroll of fear
 r - a scroll of identify
 s - a scroll of recharging
Potions
 c - a potion of invisibility
 d - 5 potions of heal wounds
 e - a potion of haste
 f - 4 potions of magic
 g - 5 potions of curing
 o - 2 potions of agility
Comestibles
 b - 2 bread rations


   Skills:
 + Level 6.6 Fighting
 + Level 6.7 Throwing
 + Level 6.1 Armour
 * Level 9.3 Dodging
 * Level 6.8 Stealth
 * Level 10.9 Unarmed Combat


You had 8 spell levels left.
You didn't know any spells.

Dungeon Overview and Level Annotations

Branches:
Dungeon (1/1)

Altars:
Cheibriados
Dithmenos
Elyvilon
Fedhas
Gozag
Hepliaklqana
Kikubaaqudgha
Makhleb
Nemelex Xobeh
Okawaru
Qazlal
Ru
Sif Muna
Trog
Uskayaw
Vehumet
Wu Jian
Xom
Yredelemnul
Zin
The Shining One
Beogh
Jiyva
Lugonu

Annotations:
D exclusion: door


Innate Abilities, Weirdness & Mutations

You are too large for most types of armour.
You have claws for hands.
Your metabolism is lightning-fast.
You like to eat raw meat.
Your natural rate of healing is unusually fast.
You are covered in fur. (AC +1)
You have very tough skin. (AC +2)


Message History

The nine-headed hydra barely misses you.
The nine-headed hydra closely misses you.
The nine-headed hydra misses you.
Evoke which item? (* to show all) (? for menu, Esc to quit)
Aiming: Corrosive Bolt
Press: ? - help, Shift-Dir - straight line, f/p - nine-headed hydra
Aim: a nine-headed hydra (almost dead)
The bolt of acid hits the nine-headed hydra.
The nine-headed hydra is splashed with acid.
You kill the nine-headed hydra!
The Council accepts your kill.
Your Armour skill increases to level 6!
Your Dodging skill increases to level 9!
The bolt of acid hits the spiny frog.
The spiny frog is splashed with acid.
The acid corrodes the spiny frog!
The spiny frog is severely wounded.
The bolt of acid hits the elephant.
The elephant is splashed with acid.
The elephant is severely wounded.
This wand has 1 charge left.
The spiny frog stings you!
You die...

▓▓▓▓▓▓▓▓▓▓▓▓▓▓▓▓▓▓▓▓▓▓▓▓▓▓▓▓▓▓▓▓▓
_______________________'....)'...
▓▓▓▓▓▓▓▓▓▓▓▓▓▓▓▓▓▓▓▓▓▓▓▓▓▓▓▓▓▓▓▓▓
.................................
▓▓▓▓▓▓▓▓▓▓▓▓▓▓▓▓▓▓▓▓▓▓▓▓▓▓▓▓▓▓▓▓▓
rY....Y'.YYF.YF@.'.....=.(.....'
▓▓▓▓▓▓▓▓▓▓▓▓▓▓▓▓▓▓▓▓▓▓▓▓▓▓▓▓▓▓▓▓


You could see 2 elephants, a yak, a spiny frog and a bullfrog.

Vanquished Creatures
  A hydra (D)
  A spiny frog (D)
  A blink frog (D)
  A shadow (D)
  3 yaks (D)
  A basilisk (D)
  2 water moccasins (D)
  A porcupine (D)
  An ice beast (D)
  A phantom (D)
  An orc warrior (D)
  An ogre (D)
  A centaur (D)
  2 crocodiles (D)
  A scorpion (D)
  A crimson imp (D)
  A hound (D)
  2 orcs (D)
  A bat zombie (D)
  A goblin (D)
  A hobgoblin (D)
  A jackal (D)
  A kobold (D)
  A ball python (D)
  A giant cockroach zombie (D)
  A jackal zombie (D)
  A rat (D)
32 creatures vanquished.

Notes
Turn   | Place    | Note
-------+----------+-------------------------------------------
     0 | D        | Kidiri the Troll Monk began the quest for the Orb.
     0 | D        | Reached XP level 1. HP: 22/22 MP: 0/0
    24 | D        | Noticed a water moccasin
    24 | D        | Noticed a scorpion
    38 | D        | Killed a scorpion
    38 | D        | Reached skill level 1 in Armour
    38 | D        | Reached skill level 4 in Unarmed Combat
    38 | D        | Reached XP level 2. HP: 25/31 MP: 1/1
    38 | D        | Reached XP level 3. HP: 30/37 MP: 2/2
    54 | D        | Killed a water moccasin
    54 | D        | Reached skill level 5 in Unarmed Combat
    54 | D        | Reached XP level 4. HP: 35/48 MP: 3/3
    54 | D        | Reached XP level 5. HP: 40/54 MP: 4/4
    84 | D        | Found a roughly hewn altar of Beogh.
    84 | D        | Found a snail-covered altar of Cheibriados.
    84 | D        | Found a shadowy altar of Dithmenos.
    84 | D        | Found a white marble altar of Elyvilon.
    84 | D        | Found a blossoming altar of Fedhas.
    84 | D        | Found an opulent altar of Gozag.
    85 | D        | Found a hazy altar of Hepliaklqana.
    86 | D        | Found a viscous altar of Jiyva.
    87 | D        | Found an ancient bone altar of Kikubaaqudgha.
    88 | D        | Found a corrupted altar of Lugonu.
    89 | D        | Found a burning altar of Makhleb.
    90 | D        | Found a sparkling altar of Nemelex Xobeh.
    91 | D        | Found an iron altar of Okawaru.
    92 | D        | Found a stormy altar of Qazlal.
    93 | D        | Found a sacrificial altar of Ru.
    94 | D        | Found a deep blue altar of Sif Muna.
    95 | D        | Found a bloodstained altar of Trog.
    96 | D        | Found a hide-covered altar of Uskayaw.
    97 | D        | Found a radiant altar of Vehumet.
    98 | D        | Found an ornate altar of the Wu Jian Council.
    99 | D        | Found a shimmering altar of Xom.
   100 | D        | Found a basalt altar of Yredelemnul.
   101 | D        | Found a glowing silver altar of Zin.
   102 | D        | Found a glowing golden altar of the Shining One.
   106 | D        | Became a worshipper of the Wu Jian Council
   106 | D        | Reached * piety under Wu Jian
   106 | D        | Reached ** piety under Wu Jian
   177 | D        | Noticed a centaur
   177 | D        | Noticed a phantom
   177 | D        | Noticed a yak
   181 | D        | Killed a yak
   181 | D        | Reached skill level 5 in Dodging
   181 | D        | Reached skill level 6 in Unarmed Combat
   181 | D        | Reached XP level 6. HP: 47/63 MP: 5/5
   184 | D        | Reached skill level 7 in Unarmed Combat
   194 | D        | Reached *** piety under Wu Jian
   196 | D        | Reached XP level 7. HP: 37/71 MP: 6/6
   251 | D        | Noticed a shadow
   258 | D        | Killed a shadow
   258 | D        | Reached **** piety under Wu Jian
   258 | D        | Reached skill level 5 in Fighting
   258 | D        | Reached skill level 8 in Unarmed Combat
   264 | D        | Reached skill level 5 in Stealth
   267 | D        | Reached skill level 5 in Throwing
   423 | D        | Got the amulet "Nietecs" {Reflect Fragile rC+++ Str-2 Int+4 SH+3}
   445 | D        | Noticed a yak
   445 | D        | Noticed a yak
   445 | D        | Noticed a blink frog
   445 | D        | Noticed a basilisk
   446 | D        | Killed a basilisk
   446 | D        | Reached skill level 9 in Unarmed Combat
   446 | D        | Reached XP level 8. HP: 81/81 MP: 7/7
   448 | D        | Noticed a six-headed hydra
   451 | D        | Killed a blink frog
   451 | D        | Reached skill level 5 in Armour
   458 | D        | Reached ***** piety under Wu Jian
   546 | D        | Reached skill level 10 in Unarmed Combat
   965 | D        | Noticed an elephant
   965 | D        | Noticed a five-headed hydra
   965 | D        | Noticed a spiny frog
   965 | D        | Noticed a spiny frog
   966 | D        | Noticed an elephant
   969 | D        | Killed a spiny frog
   969 | D        | Reached XP level 9. HP: 89/89 MP: 8/8
  1108 | D        | HP: 2/89 [nine-headed hydra (11)]
  1109 | D        | Killed a nine-headed hydra
  1109 | D        | Demolished by a spiny frog

Vault maps used:
D:        linesprint

Skill      XL: |  1  2  3  4  5  6  7  8  9 |
---------------+----------------------------+-----
Fighting       | 3 4 5 6 |  6.6
Throwing       | 2 3 4 5 6 |  6.7
Armour         | 1 2 3 4 5 6 |  6.1
Dodging        | 3 4 5 6 7 8 9 |  9.3
Stealth        | 2 3 4 5 6 |  6.8
Unarmed Combat | 4 5 6 7 9 10 | 10.9

Action                   |  1- 3 |  4- 6 |  7- 9 || total
-------------------------+-------+-------+-------++-------
Melee: Unarmed           |    37 |    19 |    62 ||   118
       Punch             |     1 |     1 |     3 ||     5
Invok: Serpent's Lash    |       |       |     4 ||     4
       Heavenly Storm    |       |       |     1 ||     1
Evoke: Wand              |       |       |     6 ||     6
  Use: Potion            |     3 |       |     1 ||     4
       Scroll            |       |       |     2 ||     2
 Stab: Sleeping          |       |       |     3 ||     3
  Eat: Chunk             |       |     5 |     5 ||    10
Armor: Robe              |     9 |     8 |     8 ||    25
Dodge: Dodged            |    13 |    10 |    53 ||    76
